 Dungeon Crawl Stone Soup version 0.29-a0-106-g0a07039d5a (webtiles) character file.

Game seed: 12447228094715201336

144 being54 the Skirmisher (level 5, -1/33 HPs)
             Began as a Gargoyle Fighter on Feb 16, 2022.
             Slain by an ogre (3 damage)
             ... on level 4 of the Dungeon.
             The game lasted 00:05:13 (3691 turns).

being54 the Skirmisher (Gargoyle Fighter)           Turns: 3691, Time: 00:05:13

Health: -1/33      AC: 17    Str: 21    XL:     5   Next: 26%
Magic:  5/5        EV:  6    Int:  9    God:
Gold:   117        SH:  4    Dex:  9    Spells: 4/4 levels left

rFire   . . .      SeeInvis .   a - +1 flail
rCold   . . .      Faith    .   c - +0 buckler
rNeg    + . .      Spirit   .   r - +0 plate armour
rPois   ∞          Reflect  .   (no helmet)
rElec   +          Harm     .   (no cloak)
rCorr   .          Rampage  .   u - +0 pair of gloves
Will    .....                   (no boots)
Stlth   ..........              (no amulet)
HPRegen 0.11/turn               (no ring)
MPRegen 0.09/turn               (no ring)

@: no status effects
A: sickness immunity, AC +4, negative energy resistance 1, electricity
resistance, torment resistance 1, petrification resistance
a: no special abilities


You were on level 4 of the Dungeon.
You visited 1 branch of the dungeon, and saw 4 of its levels.

You collected 117 gold pieces.

Inventory:

Hand Weapons
 a - a +1 flail (weapon)
Armour
 c - a +0 buckler (worn)
 r - a +0 plate armour (worn)
 u - a +0 pair of gloves (worn)
Jewellery
 e - a +4 ring of protection
 l - a ring of willpower
Scrolls
 p - a scroll of enchant weapon
Potions
 b - a potion of haste
 d - a potion of might
 f - a potion of ambrosia
 g - 2 potions of heal wounds
 h - a potion of brilliance {unknown}
 i - 2 potions of attraction {unknown}
 o - 2 potions of curing {unknown}
 q - 2 potions of magic {unknown}
 s - a potion of flight {unknown}
 t - 2 potions of mutation {unknown}


   Skills:
 + Level 4.2 Fighting
 + Level 3.2 Maces & Flails
 + Level 4.1 Armour
 + Level 0.9 Dodging
 + Level 0.4 Stealth
 + Level 3.8 Shields


You had 4 spell levels left.
You didn't know any spells.
Your spell library was empty.

Dungeon Overview and Level Annotations

Branches:
Dungeon (4/15)
 Temple: D:4-7

Altars:
Trog


Innate Abilities, Weirdness & Mutations

You are immune to sickness and miasma.
Your stone body is resilient. (AC +4)
You are immune to poison.
You resist negative energy. (rN+)
You are resistant to electric shocks. (rElec)
You are resistant to unholy torment.
You are immune to petrification.


Message History

You hit the hound.
The hound is heavily wounded.
The ball python bites you but does no damage.
The ball python grabs you. The ball python constricts you.
An ogre comes into view. It is wielding a +0 giant spiked club.
The hound barely misses you.
The ball python bites you but does no damage.
The ball python constricts you.
The ogre shouts!
You sock the ball python!
You kill the ball python!
The hound closely misses you. You block the hound's attack.
You have reached level 5!
You barely miss the hound.
The hound is heavily wounded.
The hound bites you but does no damage. x2
You completely miss the hound.
The hound is heavily wounded.
The hound bites you but does no damage. x2
You barely miss the hound.
The hound is heavily wounded.
The hound bites you but does no damage. x2
You closely miss the hound.
The hound is heavily wounded.
The hound bites you but does no damage. x2
The ogre hits you with a +0 giant spiked club!!
Ouch! That really hurt!
The hound barely misses you.
You hit the hound.
The hound is almost dead.
The hound bites you. The hound bites you but does no damage.
The ogre hits you but does no damage.
You sock the hound!
You kill the hound!
The ogre hits you with a +0 giant spiked club!
* * * LOW HITPOINT WARNING * * *
Found a red potion.
There is a stone staircase leading up here.
The ogre hits you with a +0 giant spiked club.
You die...

............#...#.
...................# .
##.#........##....#
..#####..#..........## .
........#............ ..
.......##..........##...
........#...............
........#...............
##.............O@.#
##....###.......##
#..#.###.......####
#...#[.....#.........
.....#.....###.##.....
#.........## #.........
..# ...... ..........
..#... (..##.##...
###... .... ..#...


You could see an ogre.

Vanquished Creatures
  A hound (D:4)
  6 adders
  An adder skeleton (D:4)
  A dart slug (D:1)
  3 endoplasms
  3 giant cockroaches (D:1)
  5 goblins
  A hobgoblin (D:1)
  6 jackals (D:1)
  5 kobolds
  4 quokkas
  4 ball pythons
  8 bats
  4 frilled lizards
  5 rats
57 creatures vanquished.

Notes
Turn   | Place    | Note
-------+----------+-------------------------------------------
     0 | D:1      | being54 the Gargoyle Fighter began the quest for the Orb.
     0 | D:1      | Reached XP level 1. HP: 14/14 MP: 1/1
   282 | D:1      | Reached XP level 2. HP: 16/20 MP: 2/2
   821 | D:1      | Reached XP level 3. HP: 23/24 MP: 3/3
  2066 | D:2      | Reached XP level 4. HP: 15/29 MP: 4/4
  2327 | D:2      | Found a faded altar of an unknown god.
  3551 | D:3      | Found a bloodstained altar of Trog.
  3667 | D:4      | Noticed an ogre
  3669 | D:4      | Reached XP level 5. HP: 33/33 MP: 5/5
  3675 | D:4      | HP: 1/33 [ogre (13)]
  3691 | D:4      | Slain by an ogre

Illustrated notes

Levels and vault maps discovered:
D:1:      matt_arrival_debris, layout_basic, minmay_heptomino_d4
D:2:      layout_loops_corners, serial_co_window_serial, co_window_cross_1,
          co_window_paths_b, co_window_corner_a, co_window_cross_1,
          co_window_paths_b, co_window_paths_a, co_window_of_opportunity_a,
          co_window_broadway_c, co_window_paths_c, co_window_of_opportunity_c,
          glass_columns_c, glass_columns_a, glass_columns_a, glass_columns_a,
          glass_columns_a, shapermc_ecumenical_altar_mp_highgroup,
          minmay_misc_feat_enclosed
D:3:      layout_basic, lightli_temple_of_fire,
          nicolae_concentric_dashed_squares_wild, lemuel_old_faithful
D:4:      layout_cave_pools, uniq_duvessa

Skill      XL: |  1  2  3  4 |
---------------+-------------+-----
Fighting       | 4 |  4.2
Armour         | 4 |  4.1
Maces & Flails | 3 |  3.2
Dodging        | |  0.9
Stealth        | |  0.4
Shields        | |  3.8

Action                   |  1- 3 |  4- 6 || total
-------------------------+-------+-------++-------
Melee: Flail             |   141 |    73 ||   214
  Use: Scroll            |     1 |     7 ||     8
Armor: Scale mail        |   122 |    30 ||   152
       Plate armour      |       |    24 ||    24
Dodge: Dodged            |   102 |    33 ||   135
Block: Buckler           |    47 |    18 ||    65

Table legend: (Time is in decaauts)
 A = Elapsed time spent in this place.
 B = Non-inter-level travel time spent in this place.
 C = Inter-level travel time spent in this place.
 D = Time resting spent in this place.
 E = Time spent auto-exploring this place.
 F = Levels seen in this place.
 G = Mean time per level.
                   A        B        C        D        E       F      G
               +--------+--------+--------+--------+--------+-----+--------+
         Total |   3760 |   3649 |    111 |    589 |   2556 |   4 |  940.0 |
       Dungeon |   3760 |   3649 |    111 |    589 |   2556 |   4 |  940.0 |
               +--------+--------+--------+--------+--------+-----+--------+

Top non-repeatable levels by time:
     D:1: 1503 daAuts
     D:2: 1216 daAuts
     D:3: 986 daAuts
     D:4: 53 daAuts
